 Dungeon Crawl Stone Soup version 0.26-a0-1147-g3780a7a11b (webtiles) character file.

Game seed: 17116367170096325508

527 voltaire321 the Insei (level 7, -3/45 HPs)
             Began as an Octopode Transmuter on Dec 22, 2020.
             Was an Initiate of Wu Jian.
             Splashed by a jelly's acid (7 damage)
             ... on level 5 of the Dungeon.
             The game lasted 00:16:18 (4911 turns).

voltaire321 the Insei (Octopode Transmuter)         Turns: 4911, Time: 00:16:19

Health: -3/45      AC: -15   Str:  9    XL:     7   Next: 23%
Magic:  10/11      EV: 18    Int: 16    God:    Wu Jian [......]
Gold:   208        SH:  0    Dex: 14    Spells: 6/12 levels left

rFire    . . .     SeeInvis .     - Unarmed
rCold    . . .     Faith    .   (no shield)
rNeg     . . .     Spirit   .   (helmet currently unavailable)
rPois    .         Reflect  .   (no amulet)
rElec    .         Harm     .   n - ring of stealth
rCorr    .         Rampage  .   o - +4 ring of evasion
Will     .....                  (no ring)
Stlth    +++.......             (no ring)
HPRegen  0.15/turn              (no ring)
MPRegen  0.12/turn              (no ring)
                                (no ring)
                                (no ring)

@: appendages, corroded
A: almost no armour, stealthy swim, amphibious, 8 rings, constrict 8, tentacle
spike 3, camouflage 1, gelatinous body 1
a: End Transformation, Renounce Religion


You were on level 5 of the Dungeon.
You worshipped Wu Jian.
Wu Jian was noncommittal.
One of your tentacles had a temporary spike.
You visited 2 branches of the dungeon, and saw 6 of its levels.

You collected 208 gold pieces.

Inventory:

Missiles
 b - 12 poisoned darts
 i - 3 javelins
Jewellery
 n - a ring of stealth (left tentacle)
 o - a +4 ring of evasion (right tentacle)
Wands
 l - a wand of flame (8)
Scrolls
 a - a scroll of fog
 c - 2 scrolls of identify
 f - a scroll of noise {unknown}
 j - 2 scrolls of teleportation
 m - a scroll of remove curse
 p - a scroll of random uselessness {unknown}
Potions
 d - 2 potions of curing
 e - a potion of ambrosia
 g - 3 potions of attraction
 h - a potion of mutation {unknown}
 k - a potion of invisibility {unknown}
 q - a potion of might {unknown}


   Skills:
 + Level 2.8 Fighting
 + Level 3.4 Dodging
 + Level 4.1 Unarmed Combat
 + Level 3.2 Spellcasting
 + Level 3.6 Transmutations
 * Level 4.0 Poison Magic


You had 6 spell levels left.
You knew the following spells:

 Your Spells              Type           Power        Failure   Level
a - Beastly Appendage     Tmut           28%          4%          1
b - Wereblood             Tmut           14%          6%          2
c - Spider Form           Tmut/Pois      7%           12%         3

Your spell library contained the following spells:

 Spells                   Type           Power        Failure   Level
 Ice Form                 Ice/Tmut       8%           65%         4
 Blade Hands              Tmut           7%           75%         5


Dungeon Overview and Level Annotations

Branches:
Dungeon (5/15)             Temple (1/1) D:4

Altars:
Cheibriados
Elyvilon
Fedhas
Hepliaklqana
Kikubaaqudgha
Makhleb
Nemelex Xobeh
Okawaru
Qazlal
Uskayaw
Wu Jian
The Shining One

Shops:
D:4 (

Annotations:
D:2 1 runed translucent door, Crazy Yiuf


Innate Abilities, Weirdness & Mutations

You cannot wear most types of armour.
You are very stealthy in the water. (Stealth+)
You are amphibious.
You can wear up to eight rings at the same time.
You can use your tentacles to constrict eight enemies at once.
Your skin changes colour to match your surroundings (Stealth+).
Your rubbery body absorbs attacks. (AC +1, EV +1)
One of your tentacles bears a large vicious spike.


Message History

Your tentacles burn!
You pierce the jelly, but do no damage.
The jelly is moderately wounded.
The jelly hits you. The acid corrodes you!
You are splashed with acid!
You tentacle-slap the jelly but do no damage.
The acid corrodes you!
Your tentacles burn!
* * * LOW HITPOINT WARNING * * *
You pierce the jelly.
The jelly is heavily wounded.
The jelly hits you.
* * * LOW HITPOINT WARNING * * *
You are splashed with acid.
* * * LOW HITPOINT WARNING * * *
You tentacle-slap the jelly but do no damage.
Your tentacles burn!
* * * LOW HITPOINT WARNING * * *
The jelly is heavily wounded.
The jelly hits you.
* * * LOW HITPOINT WARNING * * *
You are splashed with acid!
You die...

..... ### .....
..##......
h.........
#####..........
#...#......##.#
#................
#..J@...........#
#...#.......#...
#...##.....#... #
######.....>.##.##
##
#.......#.....##.
#.....)..........
#......[.........
##...............
##...#.........#


You could see a jelly.

Vanquished Creatures
  A phantom (D:4)
  2 bullfrog skeletons
  2 orc wizards
  2 orc priests
  A hound (D:4)
  3 iguanas
  A worker ant (D:5)
  2 adders
  A gnoll (D:5)
  A howler monkey skeleton (D:4)
  A white imp (D:3)
  An ooze (D:5)
  2 dart slugs
  A worm (D:2)
  3 leopard geckos
  10 orcs
  6 bats
  5 giant cockroaches
  7 goblins
  8 hobgoblins
  7 jackals
  4 kobolds
  A quokka (D:4)
  2 frilled lizards
  5 rats
79 creatures vanquished.

Vanquished Creatures (others)
  A plant (D:5)
1 creature vanquished.

Grand Total: 80 creatures vanquished

Notes
Turn   | Place    | Note
-------+----------+-------------------------------------------
     0 | D:1      | voltaire321 the Octopode Transmuter began the quest for the
                  | Orb.
     0 | D:1      | Reached XP level 1. HP: 13/13 MP: 3/3
   130 | D:1      | Reached XP level 2. HP: 12/18 MP: 3/5
   148 | D:1      | Learned a level 2 spell: Wereblood
   519 | D:1      | Reached XP level 3. HP: 15/23 MP: 4/6
  1133 | D:2      | Learned a level 3 spell: Spider Form
  1169 | D:2      | Found a runed translucent door.
  1170 | D:2      | Noticed Crazy Yiuf
  1956 | D:3      | Reached XP level 4. HP: 26/29 MP: 5/7
  2119 | D:3      | Reached skill level 1 in Poison Magic
  2850 | D:3      | Reached XP level 5. HP: 17/34 MP: 6/8
  3280 | D:4      | Noticed a phantom
  3496 | D:4      | Found Yriomuz's Weapon Shoppe.
  3797 | D:4      | Reached XP level 6. HP: 31/39 MP: 8/10
  3918 | D:4      | Killed a phantom
  4196 | D:4      | Found a staircase to the Ecumenical Temple.
  4349 | Temple   | Entered the Ecumenical Temple
  4389 | Temple   | Became a worshipper of the Wu Jian Council
  4454 | D:5      | Entered Level 5 of the Dungeon
  4580 | D:5      | Reached XP level 7. HP: 31/45 MP: 11/11
  4911 | D:5      | Splashed by a jelly's acid

Illustrated notes

Levels and vault maps discovered:
D:1:      lightli_arrival_isolated_outpost, layout_basic
D:2:      layout_loops_ring, uniq_crazy_yiuf_cottage
D:3:      layout_rooms, minivault_4
D:4:      layout_cave_pools, minmay_temple_entry_poolview, serial_shops, shop,
          chequers_serial_rivers_micro_c
D:5:      lemuel_castle_with_subvaults [lemuel_castle_interior_carwin_3],
          layout_rooms, nicolae_overflow_hidden_temple,
          cheibrodos_sewer_entry_sluice, minmay_crossroads
Temple:   compressed_dpeg_circular_temple

Skill      XL: |  1  2  3  4  5  6  7 |
---------------+----------------------+-----
Poison Magic   | 1 2 3 4 |  4.0
Fighting       | 2 |  2.8
Transmutations | 3 |  3.6
Dodging        | 3 |  3.4
Spellcasting   | 3 |  3.2
Unarmed Combat | 4 |  4.1

Action                   |  1- 3 |  4- 6 |  7- 9 || total
-------------------------+-------+-------+-------++-------
Melee: Unarmed           |    88 |   132 |    21 ||   241
       Constrict         |    26 |    27 |     6 ||    59
       Kick              |    16 |    33 |    12 ||    61
       Tentacles         |     9 |    23 |     3 ||    35
       Punch             |     2 |       |     1 ||     3
 Cast: Beastly Appendage |    23 |    20 |     3 ||    46
Invok: Lunge             |       |     2 |       ||     2
  Use: Scroll            |       |     6 |       ||     6
 Stab: Sleeping          |     6 |     2 |       ||     8
Armor: Skin              |     8 |     3 |       ||    11
Dodge: Dodged            |    66 |    73 |    27 ||   166

Table legend: (Time is in decaauts)
 A = Elapsed time spent in this place.
 B = Non-inter-level travel time spent in this place.
 C = Inter-level travel time spent in this place.
 D = Time resting spent in this place.
 E = Time spent auto-exploring this place.
 F = Levels seen in this place.
 G = Mean time per level.
                   A        B        C        D        E       F      G
               +--------+--------+--------+--------+--------+-----+--------+
         Total |   4898 |   4714 |    184 |   1952 |   1673 |   6 |  816.3 |
       Dungeon |   4842 |   4658 |    184 |   1952 |   1642 |   5 |  968.4 |
        Temple |     55 |     55 |      0 |      0 |     31 |   1 |   55.0 |
               +--------+--------+--------+--------+--------+-----+--------+

Top non-repeatable levels by time:
     D:3: 1418 daAuts
     D:4: 1327 daAuts
     D:2: 1055 daAuts
     D:1: 880 daAuts
     D:5: 161 daAuts
  Temple: 55 daAuts
